 Dungeon Crawl Stone Soup version 0.30.1-4-g462c640d31 (webtiles) character file.

Game seed: 15959965266655162935

1262 alexyer the Digger (level 8, -3/43 HPs)
             Began as a Gargoyle Earth Elementalist on Sept 11, 2023.
             Shot with a bolt by an orc warrior (19 damage)
             ... on level 7 of the Dungeon.
             The game lasted 00:53:54 (8129 turns).

alexyer the Digger (Gargoyle Earth Elementalist)    Turns: 8129, Time: 00:53:55

Health: -3/43      AC: 11    Str: 11    XL:     8   Next: 52%
Magic:  7/16       EV: 16    Int: 19    God:
Gold:   236        SH:  0    Dex: 10    Spells: 13/17 levels left

rFire   + . .        s - +2 whip (venom)
rCold   . . .        (no shield)
rNeg    + . .        p - +2 robe
rPois   ∞            u - +1 helmet
rElec   +            (no cloak)
rCorr   .            (no gloves)
SInv    .            (no boots)
Will    .....        (no amulet)
Stlth   ++           k - ring of protection from fire
HPRegen 0.27/turn    y - +5 ring of evasion
MPRegen 0.15/turn

%: no passive effects
@: no status effects
A: sickness immunity, AC +5, negative energy resistance 1, electricity
resistance, torment resistance 1, petrification resistance
a: no special abilities


You were on level 7 of the Dungeon.
You visited 2 branches of the dungeon, and saw 8 of its levels.

You collected 236 gold pieces.

Inventory:

Hand Weapons
 s - a +2 whip of venom (weapon)
Armour
 p - a +2 robe (worn)
 u - a +1 helmet (worn)
Jewellery
 d - an amulet of the acrobat
 k - a ring of protection from fire (left hand)
 y - a +5 ring of evasion (right hand)
 B - a ring of ice
Wands
 a - a wand of iceblast (12)
 w - a wand of paralysis (1)
 x - a wand of polymorph (12)
 C - a wand of digging (7)
Scrolls
 h - a scroll of vulnerability {unknown}
 i - a scroll of enchant weapon
 l - a scroll of amnesia
 m - 3 scrolls of immolation
 n - a scroll of fog
 r - a scroll of fear {unknown}
 t - a scroll of enchant armour
 v - a scroll of noise {unknown}
Potions
 b - 2 potions of magic
 c - 4 potions of curing
 e - 2 potions of brilliance
 f - 2 potions of flight {unknown}
 g - 4 potions of heal wounds
 j - a potion of attraction
 o - 2 potions of mutation
 q - a potion of cancellation {unknown}
 z - 3 potions of lignification {unknown}
 A - a potion of might {unknown}


   Skills:
 + Level 1.5 Fighting
 + Level 1.3 Maces & Flails
 + Level 1.7 Armour
 - Level 1.5 Dodging
 - Level 2.1 Stealth
 + Level 5.3 Spellcasting
 + Level 5.4 Conjurations
 - Level 0.7 Transmutations
 + Level 7.5 Earth Magic
 + Level 1.2 Evocations


You had 13 spell levels left.
You knew the following spells:

 Your Spells              Type           Power      Damage    Failure   Level
a - Sandblast             Erth           66%        2d15      1%          1
b - Stone Arrow           Conj/Erth      58%        3d10      2%          3

Your spell library contained the following spells:

 Spells                   Type           Power      Damage    Failure   Level
 Passwall                 Tmut/Erth      16%        N/A       3%          2
 Petrify                  Tmut/Erth      20%        N/A       22%         4
 Summon Guardian Golem    Hex/Summ       5%         N/A       34%         3
 Orb of Destruction       Conj           12%        9d7       100%        7
 Spellforged Servitor     Conj/Summ      7%         N/A       100%        7


Dungeon Overview and Level Annotations

Branches:
Dungeon (7/15)             Temple (1/1) D:6

Altars:
Ashenzari
Cheibriados
Dithmenos
Elyvilon
Gozag
Hepliaklqana
Makhleb
Nemelex Xobeh
Okawaru
Qazlal
Ru
Sif Muna
Trog
Uskayaw
Wu Jian
Xom
Yredelemnul
The Shining One

Shops:
D:4 *   D:6 *


Innate Abilities, Weirdness & Mutations

You are immune to sickness and miasma.
Your stone body is resilient. (AC +5)
You are immune to poison.
You resist negative energy. (rN+)
You are resistant to electric shocks. (rElec)
You are resistant to unholy torment.
You are immune to petrification.


Message History

You kill the orc!
You start resting.
An orc warrior comes into view. It is wielding a +0 trident.
Casting: Sandblast (safe; 1% risk of failure)
Confirm with . or Enter, or press ? or * to list all spells.
Aiming: Sandblast (safe; 1% risk of failure)
Press: ? - help, Shift-Dir - straight line, f - orc warrior
Aim: an orc warrior, wielding a +0 trident and wearing a +0 plate armour (84% to hit)
The blast of sand hits the orc warrior but does no damage.
The orc warrior unwields a +0 trident.
The orc warrior wields a +0 arbalest.
The orc warrior shoots a bolt.
The bolt misses you.
Casting: Sandblast (safe; 1% risk of failure)
Confirm with . or Enter, or press ? or * to list all spells.
Aiming: Sandblast (safe; 1% risk of failure)
Press: ? - help, Shift-Dir - straight line, f/p - orc warrior
Aim: an orc warrior, wielding a +0 arbalest and wearing a +0 plate armour (84% to hit)
The blast of sand hits the orc warrior but does no damage.
An orc comes into view.
It is wielding a +0 mace and quivering boomerangs of dispersal.
The orc warrior shoots a bolt.
The bolt hits you!
Casting: Sandblast (safe; 1% risk of failure)
Confirm with . or Enter, or press ? or * to list all spells.
Aiming: Stone Arrow (dangerous; 2% risk of failure)
Press: ? - help, Shift-Dir - straight line, f/p - orc warrior
Aim: an orc warrior, wielding a +0 arbalest and wearing a +0 plate armour (71% to hit)
The stone arrow hits the orc warrior!
The orc warrior is moderately wounded.
The orc warrior shoots a bolt.
The bolt misses you.
Casting: Stone Arrow (dangerous; 2% risk of failure)
Confirm with . or Enter, or press ? or * to list all spells.
Aiming: Stone Arrow (dangerous; 2% risk of failure)
Press: ? - help, Shift-Dir - straight line, f/p - orc warrior
Aim: an orc warrior, wielding a +0 arbalest and wearing a +0 plate armour (moderately wounded, 71% to hit)
The stone arrow misses the orc warrior.
The stone arrow hits the orc!
You kill the orc!
An orc priest comes into view. It is wielding a +0 club.
The orc warrior shoots a bolt.
The bolt hits you!
The orc priest calls down the wrath of Beogh upon you.
You struggle to resist.
The orc warrior shoots a bolt.
The bolt hits you!!
You die...

............#
##..........#
#....#######
#....# #....#
#....############
###.............#
#.###########.# #
#. ####@##.# #.
#..o....# ..
#.##.#### #. #
#.# #. #o# #.#
#)# ... #..


You could see an orc warrior and an orc priest.

Vanquished Creatures
  A water moccasin (D:5)
  An ice beast (D:5)
  A black bear (D:4)
  2 ogres (D:5)
  2 bullfrogs (D:7)
  A scorpion (D:3)
  A hound (D:7)
  2 orc priests (D:3)
  2 sleepcaps
  Jessica (D:3)
  4 iguanas
  An orc wizard (D:4)
  Ijyb (D:3)
  3 gnolls (D:4)
  9 adders
  A shadow imp (D:6)
  3 white imps
  An ufetubus (D:6)
  7 dart slugs
  21 orcs
  5 bats
  11 endoplasms
  4 giant cockroaches
  8 goblins
  8 hobgoblins
  15 jackals
  3 quokkas
  3 ball pythons
  2 frilled lizards
  7 kobolds
  8 rats
139 creatures vanquished.

Notes
Turn   | Place    | Note
-------+----------+-------------------------------------------
     0 | D:1      | alexyer the Gargoyle Earth Elementalist began the quest for
                  | the Orb.
     0 | D:1      | Reached XP level 1. HP: 10/10 MP: 3/3
   214 | D:1      | Reached skill level 4 in Earth Magic
   214 | D:1      | Reached XP level 2. HP: 15/15 MP: 3/5
   579 | D:1      | Reached XP level 3. HP: 18/19 MP: 3/6
   610 | D:1      | Learned a level 3 spell: Stone Arrow
  1577 | D:2      | Reached skill level 1 in Conjurations
  1736 | D:2      | Reached XP level 4. HP: 24/24 MP: 5/8
  2839 | D:3      | Noticed Jessica
  2843 | D:3      | Killed Jessica
  2844 | D:3      | Reached skill level 5 in Earth Magic
  2844 | D:3      | Reached XP level 5. HP: 24/28 MP: 5/10
  3164 | D:3      | Found a sparkling altar of Nemelex Xobeh.
  3377 | D:3      | Noticed Ijyb
  3574 | D:3      | Killed Ijyb
  3575 | D:3      | Reached XP level 6. HP: 13/32 MP: 3/11
  4341 | D:4      | Reached skill level 6 in Earth Magic
  4745 | D:4      | Found a shimmering altar of Xom.
  4745 | D:4      | Noticed a black bear
  5063 | D:4      | Killed a black bear
  5064 | D:4      | Reached XP level 7. HP: 36/36 MP: 6/13
  5364 | D:4      | Found Xifykk's Neck Hole.
  5437 | D:5      | Entered Level 5 of the Dungeon
  5739 | D:5      | Reached skill level 7 in Earth Magic
  5915 | D:5      | Reached skill level 5 in Spellcasting
  5915 | D:5      | Reached skill level 5 in Conjurations
  5915 | D:5      | Reached XP level 8. HP: 41/41 MP: 8/15
  6578 | D:6      | Found a basalt altar of Yredelemnul.
  6619 | D:6      | Found Harr's Lightly-Used Armoury.
  6628 | D:6      | Found a staircase to the Ecumenical Temple.
  6645 | Temple   | Entered the Ecumenical Temple
  6802 | D:6      | Reached skill level 1 in Armour
  7550 | D:6      | Reached skill level 1 in Fighting
  7795 | D:6      | Reached skill level 1 in Maces & Flails
  7948 | D:7      | Found an iron altar of Okawaru.
  7955 | D:7      | Reached skill level 1 in Evocations
  8129 | D:7      | Shot with a bolt by an orc warrior

Illustrated notes

Levels and vault maps discovered:
D:1:      wander_arrival_chamber, layout_loops_corners, serial_bayou_lagoon_a
D:2:      layout_loops_cross, minmay_tetromino_s4
D:3:      layout_loops_ring, mainiacjoe_overflow_paths, uniq_jessica, uniq_ijyb
D:4:      layout_loops_cross, mainiacjoe_overflow_small_starburst,
          nicolae_shop_sticking_my_neck_out
D:5:      layout_basic
D:6:      layout_basic, mainiacjoe_overflow_alcove_4, minmay_temple_entry_trees,
          minmay_shop_damaged
D:7:      layout_basic, mainiacjoe_overflow_alcove_1, okawaru_trees_1,
          serial_shops, shop, enter_bailey_2, uniq_maggie
Temple:   nicolae_temple_great_sept

Skill      XL: |  1  2  3  4  5  6  7  8 |
---------------+-------------------------+-----
Earth Magic    | 4 5 6 7 |  7.5
Conjurations   | 1 2 3 5 |  5.4
Spellcasting   | 3 4 5 |  5.3
Armour         | 1 |  1.7
Fighting       | 1 |  1.5
Maces & Flails | 1 |  1.3
Evocations     | 1 |  1.2
Dodging        | |  1.5
Stealth        | |  2.1
Transmutations | |  0.7

Action                     |  1- 3 |  4- 6 |  7- 9 || total
---------------------------+-------+-------+-------++-------
  Melee: Dagger            |    19 |     1 |       ||    20
         Punch             |     1 |       |       ||     1
         Whip              |       |     4 |       ||     4
   Cast: Sandblast         |    50 |    92 |    42 ||   184
         Stone Arrow       |       |    15 |    32 ||    47
    Use: Scroll            |       |     3 |     8 ||    11
 Armour: Robe              |    10 |    24 |     6 ||    40
  Dodge: Dodged            |    13 |    36 |    22 ||    71
